 Dungeon Crawl Stone Soup version 0.32-a0-918-g0f22ef8d61 (webtiles) character file.

Game seed: 2322436812826610553

152 Hubris850 the Charlatan (level 5, -2/39 HPs)
             Began as a Coglin Artificer on Apr 10, 2024.
             Was a Believer of Vehumet.
             Slain by an ogre
             ... wielding a +0 giant club
              (24 damage)
             ... on level 4 of the Dungeon.
             The game lasted 00:07:02 (2763 turns).

Hubris850 the Charlatan (Coglin Artificer)          Turns: 2763, Time: 00:07:02

Health: -2/39      AC: 11    Str: 17    XL:     5   Next: 34%
Magic:  5/5        EV: 11    Int: 13    God:    Vehumet [**....]
Gold:   16         SH:  0    Dex: 14    Spells: 4/4 levels left

rFire   . . .        t - +6 war axe of Ruination {protect, *Corrode rPois Str+2 Int+3}
rCold   . . .        g - +2 dagger (protect) {Nari}
rNeg    + . .        s - +2 robe {rN+}
rPois   +            (no helmet)
rElec   .            (no cloak)
rCorr   .            (no gloves)
SInv    .            (no boots)
Will    .....        (amulet unavailable)
Stlth   ++           (ring unavailable)
HPRegen 0.26/turn    (ring unavailable)
MPRegen 0.09/turn    (no gizmo)

%: corrode self (3%)
@: under a protective aura, revving
A: off-hand wielding, slow wielding, warmup strikes, no jewellery
a: Invent Gizmo, Renounce Religion


You were on level 4 of the Dungeon.
You worshipped Vehumet.
Vehumet was pleased with you.
You visited 1 branch of the dungeon, and saw 4 of its levels.

You collected 143 gold pieces.
You spent 127 gold pieces at shops.

Inventory:

Hand Weapons
 a - a +0 club {Fernanda}
 f - a +0 dagger {Hans}
 g - a +2 dagger of protection (offhand) {Nari}
 k - a +0 mace {Gunther}
 l - a +0 short sword of protection {Decima}
 t - the +6 war axe of Ruination (weapon) {protect, *Corrode rPois Str+2 Int+3}
   (You bought it in a shop on level 2 of the Dungeon)

   Str+2:     It affects your strength (+2).
   Int+3:     It affects your intelligence (+3).
   rPois:     It protects you from poison.
   *Corrode:  It may corrode you when you take damage.
Missiles
 i - 5 boomerangs
 p - 4 javelins
Armour
 b - a +0 leather armour
 s - a +2 robe of positive energy (worn)
Wands
 c - a wand of flame (10) (quivered)
 d - a wand of charming (15)
 e - a wand of iceblast (5)
Scrolls
 j - a scroll of identify
 m - a scroll of vulnerability
 q - a scroll of teleportation
Potions
 h - a potion of lignification
 n - a potion of heal wounds
 o - a potion of brilliance
 r - a potion of attraction {unknown}
 u - a potion of enlightenment {unknown}


   Skills:
 + Level 2.7 Fighting
 + Level 2.9 Armour
 + Level 2.3 Dodging
 - Level 2.0 Stealth
 - Level 4.0 Evocations


You had 4 spell levels left.
You didn't know any spells.
Your spell library was empty.

Dungeon Overview and Level Annotations

Branches:
Dungeon (4/15)
 Temple: D:4-7

Altars:
Gozag
Nemelex Xobeh
Qazlal
Vehumet

Shops:
D:2 (


Innate Abilities, Weirdness & Mutations

You can wield a second weapon in your off-hand.
It takes a long time for you to wield or remove held weapons.
Your first few attacks do less damage.
You cannot equip rings or amulets.


Message History

You climb downwards.
Found two stone staircases leading down.
There is a stone staircase leading up here.
There is a stone staircase leading down here.
There is a stone staircase leading down here.
Found a chain mail.
Found a stone staircase leading down.
u - a coppery potion
Found a stone staircase leading up.
There is a stone staircase leading up here.
You climb upwards.
There is a stone staircase leading down here.
There is a sparkling altar of Nemelex Xobeh here.
There is a sparkling altar of Nemelex Xobeh here.
There is an opulent altar of Gozag here.
You kneel at the altar of Gozag.
Gozag does not accept service from beggars like you!
The service fee for joining is currently 55 gold; you only have 7.
Unknown command.
Press < or > to pray at altars.
There is a stone staircase leading down here.
You climb downwards.
There is a stone staircase leading up here.
You now have 16 gold pieces (gained 9).
An ogre comes into view. It is wielding a +0 giant club.
The helpless ogre fails to defend itself.
You slash the ogre with the +6 war axe of Ruination!
Your weapon exudes an aura of protection.
The ogre is moderately wounded.
You hit the ogre with your +2 dagger of protection.
The ogre closely misses you.
You hit the ogre with your +2 dagger of protection.
The ogre is heavily wounded.
You barely miss the ogre with the +6 war axe of Ruination.
The ogre hits you with a +0 giant club!
You hit the ogre with your +2 dagger of protection.
The ogre is severely wounded.
You slash the ogre with the +6 war axe of Ruination!
The ogre hits you with a +0 giant club!!
Ouch! That really hurt!
You die...

#.# # # #.# #. .# #.#
#.###.# #.# #...O.# #.#
..##@## #.## .
#.#...####..## ..
#.#..........# ..
#.#...###.#.######## #.#.
#.#######.#........#
.....##.##......#..##.##.#
#.....>.##.#...##..#.#.#.##
#.##<##..........#......
#......>....^##.......#.


You could see an ogre.

Vanquished Creatures
  An orc wizard (D:3)
  4 gnolls (D:2)
  An adder (D:2)
  A ribbon worm (D:2)
  5 orcs (D:3)
  10 endoplasms
  2 giant cockroaches
  5 goblins
  6 hobgoblins
  7 kobolds
  2 quokkas
  6 ball pythons
  8 bats
  4 frilled lizards
  8 rats
70 creatures vanquished.

Notes
Turn   | Place    | Note
-------+----------+-------------------------------------------
     0 | D:1      | Hubris850 the Coglin Artificer began the quest for the Orb.
     0 | D:1      | Reached XP level 1. HP: 15/15 MP: 1/1
   258 | D:1      | Reached skill level 1 in Dodging
   343 | D:1      | Reached skill level 1 in Stealth
   432 | D:1      | Reached XP level 2. HP: 20/21 MP: 2/2
  1078 | D:1      | Reached XP level 3. HP: 24/26 MP: 3/3
  1182 | D:2      | Found a faded altar of an unknown god.
  1187 | D:2      | Prayed at the altar of an unknown god.
  1187 | D:2      | Became a worshipper of Vehumet
  1187 | D:2      | Reached * piety under Vehumet
  1187 | D:2      | Offered knowledge of Shock by Vehumet.
  1387 | D:2      | Reached XP level 4. HP: 23/33 MP: 4/4
  1482 | D:2      | Found Unirill's Antique Weapon Boutique.
  1808 | D:2      | Reached ** piety under Vehumet
  1977 | D:3      | Offered knowledge of Kiss of Death by Vehumet.
  2184 | D:3      | Reached XP level 5. HP: 39/39 MP: 5/5
  2329 | D:3      | Found a stormy altar of Qazlal.
  2329 | D:3      | Found a sparkling altar of Nemelex Xobeh.
  2331 | D:3      | Found an opulent altar of Gozag.
  2539 | D:2      | Bought a polished war axe for 127 gold pieces
  2539 | D:2      | Identified the +6 war axe of Ruination {protect, *Corrode
                  | rPois Str+2 Int+3} (You bought it in a shop on level 2 of
                  | the Dungeon)
  2759 | D:4      | Noticed an ogre
  2763 | D:4      | Slain by an ogre

Illustrated notes

Levels and vault maps discovered:
D:1:      onia_arrival_mini_spirals, layout_loops_corners
D:2:      layout_basic, serial_shops, shop, basic_ecumenical_altar,
          minmay_fractal_squares_gapless_5
D:3:      layout_rooms, nicolae_overflow_hidden_temple
D:4:      layout_loops_cross, uniq_eustachio, uniq_grinder

Skill      XL: |  1  2  3  4 |
---------------+-------------+-----
Dodging        | 1 2 |  2.3
Stealth        | 1 2 |  2.0
Armour         | 2 |  2.9
Fighting       | 2 |  2.7
Evocations     | |  4.0

Action                     |  1- 3 |  4- 6 || total
---------------------------+-------+-------++-------
  Melee: Dagger            |    71 |   109 ||   180
         Club              |    19 |       ||    19
         Short sword       |    34 |   109 ||   143
         Mace              |    11 |       ||    11
         War axe           |       |     3 ||     3
  Evoke: Wand              |     5 |       ||     5
    Use: Scroll            |     4 |     4 ||     8
   Stab: Sleeping          |     3 |     5 ||     8
 Armour: Leather armour    |    51 |    42 ||    93
         Robe              |       |    36 ||    36
  Dodge: Dodged            |    42 |    54 ||    96

Table legend: (Time is in decaauts)
 A = Elapsed time spent in this place.
 B = Non-inter-level travel time spent in this place.
 C = Inter-level travel time spent in this place.
 D = Time resting spent in this place.
 E = Time spent auto-exploring this place.
 F = Levels seen in this place.
 G = Mean time per level.
                   A        B        C        D        E       F      G
               +--------+--------+--------+--------+--------+-----+--------+
         Total |   2771 |   2629 |    142 |    334 |   1667 |   4 |  692.8 |
       Dungeon |   2771 |   2629 |    142 |    334 |   1667 |   4 |  692.8 |
               +--------+--------+--------+--------+--------+-----+--------+

Top non-repeatable levels by time:
     D:1: 1187 daAuts
     D:2: 841 daAuts
     D:3: 580 daAuts
     D:4: 161 daAuts
